 Dungeon Crawl Stone Soup version 0.30.1-11-g7821555f0a (webtiles) character file.

Game seed: 13883186193708173713

11265 Sciron the Thaumaturge (level 12, -5/79 HPs)
             Began as a Djinni Venom Mage on Jan 7, 2024.
             Was a High Priest of Hepliaklqana.
             Slain by an orc warrior
             ... wielding a +1 glaive of freezing
             ... led by an orc knight
              (13 damage)
             ... on level 1 of the Orcish Mines.
             The game lasted 00:47:20 (8640 turns).

Sciron the Thaumaturge (Djinni Venom Mage)          Turns: 8640, Time: 00:47:32

Health: -5/79      AC:  7    Str:  9    XL:     12   Next: 5%
Gold:   859        EV: 14    Int: 20    God:    Hepliaklqana [*****.] SH:  0 Dex: 14

rFire   + + +        D - +12 pair of quick blades "Gyre" and "Gimble" {protect}
rCold   x . .        (shield currently unavailable)
rNeg    . . .        a - +2 robe
rPois   ∞            (helmet restricted)
rElec   .            r - +2 cloak
rCorr   .            (no gloves)
SInv    .            (boots unavailable)
Will    +++..        d - amulet of regeneration
Stlth   +++          t - ring of willpower
HPRegen 1.13/turn    l - ring of protection from fire
MPRegen 0.00/turn

%: infuse magic (-6 HP)
@: flying
A: reduced essence, sickness immunity, fire resistance 2, cold vulnerability 1,
float, innate caster, HP casting, extra vitality 1, horns 1, strong-willed 1,
robust 1
a: Renounce Religion, Recall Ancestor, Ancestor Identity, Transference, Idealise


You were on level 1 of the Orcish Mines.
You worshipped Hepliaklqana.
Hepliaklqana was extremely pleased with you.
You visited 2 branches of the dungeon, and saw 11 of its levels.
You also visited: Sewer and Bailey.

You collected 859 gold pieces.

Inventory:

Hand Weapons
 x - a +2 dagger of venom
 D - the +12 pair of quick blades "Gyre" and "Gimble" (weapon) {protect}
   (You acquired it in a bailey)
Missiles
 u - 2 datura-tipped darts (quivered)
 w - 2 silver javelins
 A - 2 throwing nets
 B - 29 boomerangs
Armour
 a - a +2 robe (worn)
 r - a +2 cloak (worn)
Jewellery
 b - a +6 ring of strength
 d - an amulet of regeneration (around neck)
 f - a ring of fire
 k - an amulet of the acrobat
 l - a ring of protection from fire (right hand)
 q - a ring of fire
 t - a ring of willpower (left hand)
 y - a +4 ring of protection
 C - a +5 ring of evasion
Wands
 m - a wand of roots (8)
 G - a wand of polymorph (7)
Scrolls
 n - 2 scrolls of torment
 o - 3 scrolls of fog
 s - 4 scrolls of poison
 E - a scroll of brand weapon
 F - 2 scrolls of teleportation
Potions
 c - 2 potions of haste {unknown}
 e - 2 potions of resistance
 g - 6 potions of flight
 h - a potion of ambrosia
 i - 8 potions of curing
 j - 4 potions of degeneration
 p - 3 potions of brilliance
 v - 4 potions of heal wounds
 z - 2 potions of mutation


   Skills:
 * Level 4.7 Fighting
 * Level 4.4 Short Blades
 * Level 4.4 Ranged Weapons
 * Level 3.9 Throwing
 * Level 4.8 Armour
 * Level 6.2 Dodging
 * Level 5.4 Stealth
 * Level 8.4 Spellcasting
 * Level 3.9 Invocations
 * Level 4.0 Evocations


You knew the following spells:

 Your Spells              Type           Power      Damage    Failure   Level
a - Sting                 Tmut/Pois      100%       1d8       1%          1
b - Poisonous Vapours     Pois/Air       84%        N/A       1%          2
c - Mephitic Cloud        Conj/Pois/Air  42%        N/A       1%          3
d - Olgreb's Toxic Radia  Pois           42%        N/A       2%          4
e - Kiss of Death         Conj/Necr      100%       2d13      1%          1
f - Searing Ray           Conj           84%        2d7       1%          2
g - Confusing Touch       Hex            42%        N/A       1%          3
h - Ozocubu's Armour      Ice            42%        N/A       1%          3
i - Fireball              Conj/Fire      21%        3d10      7%          5
Your spell library was empty.

Dungeon Overview and Level Annotations

Branches:
Dungeon (10/15)            Temple (0/1) D:7             Orc (1/2) D:10
  Sewer (visited)          Bailey (visited)
   Lair: D:8-11

Altars:
Hepliaklqana
Nemelex Xobeh
Okawaru
Uskayaw
Wu Jian
Xom
The Shining One

Shops:
D:7 (


Innate Abilities, Weirdness & Mutations

Your life essence is reduced to manifest your ancestor. (-10% HP)
You are immune to sickness and miasma.
You are immune to poison.
Your flesh is very heat resistant. (rF++)
You are vulnerable to cold. (rC-)
You float through the air rather than walking.
You learn spells naturally, not from books.
Your magical power is your life essence.
You have superior vitality. (+4 MHP)
You have a pair of small horns on your head.
You are strong-willed. (Will+)
You are robust. (+10% HP)


Message History

Beogh smites you!
The orc knight roars a battlecry!
The orcs go into a battle-frenzy!
An orc comes into view. It is wielding a +0 dagger.
You hear a shout!
The orc knight looks even sicker.
The orc looks even sicker.
The orc warrior looks even sicker. x2; The orc knight looks even sicker.
The orc warrior is poisoned.
The orc shouts!
The orc is poisoned.
The cyclops looks even sicker.
The orc warrior looks even sicker.
The orc priest looks even sicker.
You kill the orc!
You hear a shout!
The warg bites Chloe!
The orc warrior completely misses the orc warrior.
Chloe gestures at the warg while chanting.
The puff of frost hits the warg!
An orc wizard comes into view. It is wielding a +0 dagger.
The orc warrior hits you from afar with a +1 glaive of freezing!
The orc warrior freezes you!
* * * LOW HITPOINT WARNING * * *
The orc knight looks even sicker.
You kill the orc! x2
The orc warrior looks even sicker. x2; The orc warrior is poisoned.
The orc warrior looks as sick as possible!
The orc priest is poisoned.
You kill the orc!
Your toxic aura wanes.
The orc warrior misses the orc warrior.
The orc warrior hits Chloe with a +0 battleaxe!
The orc warrior hits the orc warrior with a +0 battleaxe.
The orc warrior hits the orc warrior with a +0 war axe!
You feel much better.
The orc warrior hits the orc warrior with a +0 war axe!!
The orc warrior dies!
The orc barely misses you.
The orc warrior hits you from afar with a +1 glaive of freezing!!
* * * LOW HITPOINT WARNING * * *
The orc warrior freezes you!
You die...

(........
.........####
...)....#...##
........$....#
(..oR.......#
...(.....#.##
#)...o#o..#
#..)o.@.#
.......o...#
.....o..).#.#
..).C.#..o...#
...#o.o..o..##
....#)#...###
^.)#.....o#
..........


You could see the friendly Chloe the battlemage, 2 orc knights, a cyclops (very
poisoned), 3 orc warriors, 2 orc priests, an orc wizard (very poisoned), 2 orcs
and a neutral orc warrior (fast, strong, insane, unaware, very poisoned, ally
target).

Vanquished Creatures
  A two-headed ogre (D:9)
  Maggie (D:8)
  A hornet (D:9)
  Prince Ribbit (D:8)
  A wyvern (D:10)
  7 yaks
  An unseen horror simulacrum (D:9)
  A steam dragon (D:6)
  A water moccasin (D:8)
  An ice beast (D:5)
  A black bear (D:5)
  5 orc warriors
  A sky beast (D:6)
  2 ogres (D:5)
  A wolf (D:9)
  2 kobold brigands
  A bullfrog (D:9)
  A gnoll sergeant (D:10)
  6 wights
  6 killer bees (D:9)
  A howler monkey (D:10)
  Crazy Yiuf (D:3)
  2 iguanas
  4 orc priests
  8 orc wizards
  3 adders
  7 gnolls
  3 river rats (D:6)
  A howler monkey simulacrum (D:9)
  2 white imps
  2 ufetubi (D:9)
  A dart slug (D:3)
  37 orcs
  6 bats
  2 endoplasms
  24 goblins
  8 hobgoblins
  7 jackals
  19 kobolds
  A quokka (D:5)
  8 ball pythons
  3 frilled lizards
  9 rats
201 creatures vanquished.

Vanquished Creatures (collateral kills)
  An orc warlord (Bailey)
  A two-headed ogre (D:10)
  Joseph (D:8)
  2 polar bears (D:9)
  A shadow (D:10)
  A wyvern (D:8)
  2 yaks (D:9)
  An unseen horror simulacrum (D:9)
  3 steam dragons (D:7)
  An acid dragon (D:8)
  A water moccasin (D:6)
  3 orc warriors
  An ice beast (D:9)
  3 ogres
  4 centaurs
  A wolf (D:9)
  The ghost of babelphish the Merchant of Misery, an amateur DENe of Kikubaaqudgha (D:3)
  A kobold brigand (Sewer)
  2 bullfrogs
  6 wights
  5 howler monkeys
  2 electric eels (D:9)
  A hound (D:4)
  A jelly (D:6)
  4 orc priests
  2 gnoll boudas
  An iguana (D:4)
  2 sleepcaps
  2 orc wizards
  Ijyb (D:5)
  Natasha (thrice) (D:3)
  Robin (D:2)
  8 gnolls
  3 river rats (D:6)
  3 adders
  An ufetubus (D:5)
  3 worms (D:6)
  A dart slug (D:3)
  15 orcs
  An endoplasm (D:3)
  2 giant cockroaches
  9 goblins
  2 hobgoblins
  3 jackals (Sewer)
  3 quokkas
  A ball python (D:4)
  A frilled lizard (D:1)
  9 kobolds
127 creatures vanquished.

Vanquished Creatures (others)
  An ogre (D:8)
  4 battlemagi
  An ancestor (D:4)
6 creatures vanquished.

Grand Total: 334 creatures vanquished

Notes
Turn   | Place    | Note
-------+----------+-------------------------------------------
     0 | D:1      | Sciron the Djinni Venom Mage began the quest for the Orb.
     0 | D:1      | Sciron set off with the following spells memorised: Sting,
                  | Poisonous Vapours, Mephitic Cloud, Olgreb's Toxic Radiance.
     0 | D:1      | Reached XP level 1. HP: 15/15 MP: 0/0
   129 | D:1      | Reached XP level 2. HP: 20/21 MP: 0/0
   326 | D:2      | Reached XP level 3. HP: 15/26 MP: 0/0
   326 | D:2      | Learned a level 1 spell: Kiss of Death
   530 | D:3      | Reached skill level 3 in Spellcasting
   667 | D:3      | Found a faded altar of an unknown god.
   677 | D:3      | Prayed at the altar of an unknown god.
   677 | D:3      | Became a worshipper of Hepliaklqana the Forgotten
   677 | D:3      | Reached * piety under Hepliaklqana
   745 | D:3      | Found a runed translucent door.
   790 | D:3      | You are sucked into a shaft and drop 1 floor!
   790 | D:4      | Found an ornate altar of the Wu Jian Council.
   801 | D:4      | Reached XP level 4. HP: 24/27 MP: 0/0
   909 | D:4      | Reached skill level 1 in Fighting
   909 | D:4      | Reached skill level 1 in Ranged Weapons
   909 | D:4      | Reached XP level 5. HP: 26/33 MP: 0/0
   909 | D:4      | Learned a level 2 spell: Searing Ray
  1016 | D:4      | Reached skill level 1 in Armour
  1404 | D:4      | Reached XP level 6. HP: 34/37 MP: 0/0
  1453 | D:4      | Reached ** piety under Hepliaklqana
  1454 | D:4      | Remembered your ancestor Chloe as a battlemage
  1752 | D:3      | Found a runed translucent door.
  1753 | D:3      | Noticed Crazy Yiuf
  1757 | D:3      | Killed Crazy Yiuf
  1863 | D:3      | Noticed an ogre
  1866 | D:3      | Killed an ogre
  1867 | D:3      | Reached skill level 4 in Spellcasting
  1985 | D:3      | Noticed Natasha
  1992 | D:3      | Killed Natasha
  1993 | D:3      | Reached skill level 1 in Short Blades
  1993 | D:3      | Reached XP level 7. HP: 40/42 MP: 0/0
  1993 | D:3      | Learned a level 3 spell: Confusing Touch
  2011 | D:3      | Noticed Natasha
  2013 | D:3      | Killed Natasha
  2032 | D:3      | Found a glowing golden altar of the Shining One.
  2287 | D:3      | Noticed Natasha
  2294 | D:3      | Killed Natasha
  2295 | D:3      | Reached skill level 1 in Throwing
  2385 | D:3      | Noticed babelphish's ghost (amateur DENe)
  2390 | D:3      | Killed babelphish's ghost
  2590 | D:2      | Noticed Robin
  2594 | D:2      | Killed Robin
  3059 | D:1      | Reached *** piety under Hepliaklqana
  3813 | D:5      | Entered Level 5 of the Dungeon
  3927 | D:5      | Reached XP level 8. HP: 41/46 MP: 0/0
  3989 | D:5      | Found an iron altar of Okawaru.
  4036 | D:5      | Gained mutation: You occasionally lose the ability to read
                  | scrolls when taking damage. [potion of mutation]
  4036 | D:5      | Gained mutation: Your spells are a little harder to cast,
                  | but a little more powerful. [potion of mutation]
  4081 | D:5      | Noticed Ijyb
  4086 | D:5      | Killed Ijyb
  4589 | D:6      | Reached skill level 5 in Spellcasting
  4589 | D:6      | Reached skill level 1 in Invocations
  4611 | D:6      | Reached skill level 1 in Evocations
  4611 | D:6      | Reached XP level 9. HP: 53/53 MP: 0/0
  4611 | D:6      | Learned a level 3 spell: Ozocubu's Armour
  4696 | D:6      | Found a glowing drain.
  4702 | Sewer    | Entered a sewer
  4807 | Sewer    | Found a white marble altar of Elyvilon.
  4901 | D:6      | Found a hide-covered altar of Uskayaw.
  5331 | D:7      | Found Ogyj's Weapon Shop.
  5376 | D:7      | Found a staircase to the Ecumenical Temple.
  5497 | D:7      | Reached skill level 6 in Spellcasting
  5503 | D:7      | Reached XP level 10. HP: 53/60 MP: 0/0
  5873 | D:8      | Reached **** piety under Hepliaklqana
  5933 | D:8      | Noticed Joseph
  5945 | D:8      | Killed Joseph
  6006 | D:8      | Noticed Prince Ribbit
  6024 | D:8      | Killed Prince Ribbit
  6154 | D:8      | Noticed Maggie
  6155 | D:8      | Reached skill level 7 in Spellcasting
  6171 | D:8      | Reached skill level 5 in Dodging
  6181 | D:8      | Killed Maggie
  6554 | D:9      | Reached XP level 11. HP: 48/65 MP: 0/0
  6554 | D:9      | Learned a level 5 spell: Fireball
  6599 | D:9      | Reached skill level 5 in Stealth
  6857 | D:9      | Noticed a two-headed ogre
  6870 | D:9      | Killed a two-headed ogre
  7173 | D:9      | Reached skill level 8 in Spellcasting
  7446 | D:10     | Entered Level 10 of the Dungeon
  7469 | D:10     | Found a staircase to the Orcish Mines.
  7501 | D:10     | Found a flagged portal.
  7520 | Bailey   | Entered a bailey
  7554 | Bailey   | Noticed an orc warlord
  7690 | Bailey   | Found a runed translucent gate.
  7690 | Bailey   | Found a runed translucent gate.
  7717 | Bailey   | Found a runed translucent gate.
  7797 | Bailey   | Killed an orc warlord
  7837 | Bailey   | Acquired the +12 pair of quick blades "Gyre" and "Gimble"
                  | {protect}
  7837 | Bailey   | Found the +12 pair of quick blades "Gyre" and "Gimble"
                  | {protect}
  7939 | D:10     | Lost mutation: You occasionally lose the ability to read
                  | scrolls when taking damage. [potion of mutation]
  7939 | D:10     | Lost mutation: Your spells are a little harder to cast, but
                  | a little more powerful. [potion of mutation]
  7939 | D:10     | Gained mutation: You have a pair of small horns on your
                  | head. [potion of mutation]
  7939 | D:10     | Gained mutation: You are strong-willed. (Will+) [potion of
                  | mutation]
  7939 | D:10     | Gained mutation: You are robust. (+10% HP) [potion of
                  | mutation]
  8203 | D:10     | Noticed a two-headed ogre
  8208 | D:10     | Killed a two-headed ogre
  8261 | D:10     | Reached XP level 12. HP: 78/79 MP: 0/0
  8300 | D:10     | Reached ***** piety under Hepliaklqana
  8337 | D:10     | Found a shimmering altar of Xom.
  8468 | D:10     | Found a sparkling altar of Nemelex Xobeh.
  8632 | Orc:1    | Entered Level 1 of the Orcish Mines
  8640 | Orc:1    | Slain by an orc warrior

Illustrated notes

Levels and vault maps discovered:
D:1:      dpeg_arrival_fog, layout_basic
D:2:      layout_basic, uniq_robin
D:3:      layout_basic, tso_oasis_becter, ebering_ghost_reflecting_pool,
          shapermc_ecumenical_altar_mp_ritualfount, minmay_ogre_servants,
          uniq_crazy_yiuf_cottage, uniq_natasha
D:4:      layout_basic, nicolae_wu_jian_wuxing_cycle
D:5:      layout_cave_pods, okawaru_metal_pillars_1_2, uniq_ijyb
D:6:      layout_rooms, eat_drink_and_be_merry_uskayaw,
          lightli_sewer_entry_pipes
D:7:      layout_basic, minmay_temple_entry_steel_oval, serial_shops,
          nicolae_shop_bloodbath_and_beyond
D:8:      layout_basic, minivault_5, grunt_ogre_cave, uniq_prince_ribbit1,
          uniq_joseph, uniq_maggie
D:9:      layout_basic, serial_ice, serial_ice_j, serial_ice_a, serial_ice_c,
          serial_ice_h, serial_ice_n, serial_ice_o,
          chequers_serial_rivers_micro_e, minmay_gold_behind_fungi
D:10:     layout_small_grid, nemelex_spade_bored_becter,
          mainiacjoe_overflow_24_doors, david_orc_2, enter_bailey_5,
          hangedman_abyss_or_decor_stagger
Orc:1:    layout_caves, portal_ice_cave_entry_pillars_2,
          kennysheep_orc_sif_temple

Skill      XL: |  1  2  3  4  5  6  7  8  9 10 11 |
---------------+----------------------------------+-----
Spellcasting   | 3 4 5 6 7 8 |  8.4
Fighting       | 1 2 3 4 |  4.7
Ranged Weapons | 1 2 3 4 |  4.4
Stealth        | 2 3 4 5 |  5.4
Armour         | 1 2 3 4 |  4.8
Short Blades   | 1 2 3 4 |  4.4
Throwing       | 1 2 3 |  3.9
Dodging        | 3 4 5 6 |  6.2
Invocations    | 1 2 3 |  3.9
Evocations     | 1 2 3 4 |  4.0

Action                     |  1- 3 |  4- 6 |  7- 9 | 10-12 || total
---------------------------+-------+-------+-------+-------++-------
  Melee: Dagger            |     9 |    28 |    56 |    59 ||   152
         Unarmed           |     1 |       |       |       ||     1
         Punch             |       |     1 |     1 |     2 ||     4
         Pair of quick bla |       |       |       |    12 ||    12
         Headbutt          |       |       |       |     1 ||     1
   Fire: Sling             |    27 |       |       |       ||    27
  Throw: Dart              |       |       |       |    11 ||    11
         Throwing net      |       |       |       |     2 ||     2
   Cast: Sting             |    21 |     4 |     3 |     1 ||    29
         Poisonous Vapours |     4 |       |       |     1 ||     5
         Olgreb's Toxic Ra |       |     5 |    14 |    30 ||    49
         Mephitic Cloud    |       |     4 |    11 |    13 ||    28
         Kiss of Death     |       |     1 |     2 |       ||     3
         Searing Ray       |       |       |    10 |    12 ||    22
         Confusing Touch   |       |       |     1 |       ||     1
         Fireball          |       |       |       |     4 ||     4
 Invoke: Recall Ancestor   |     1 |       |     1 |       ||     2
         Ancestor Identity |     1 |       |       |       ||     1
         Ancestor Life: Ba |       |     1 |       |       ||     1
  Evoke: Wand              |       |       |       |     4 ||     4
    Use: Scroll            |     6 |     2 |    11 |     8 ||    27
         Potion            |     2 |       |     1 |     5 ||     8
   Stab: Sleeping          |       |     2 |     6 |     1 ||     9
 Armour: Robe              |     7 |     1 |    20 |    20 ||    48
         Skin              |     1 |       |       |       ||     1
  Dodge: Dodged            |    28 |    23 |    42 |   101 ||   194
